[Event "*** Titled Tuesday Blitz"]
[Site "Chess.com"]
[Date "2020.10.20"]
[Round "6"]
[White "grunbergmihai"]
[Black "Rodalquilar"]
[Result "0-1"]
[WhiteElo "2504"]
[BlackElo "2714"]
[TimeControl "180+1"]
[EndTime "11:07:03 PDT"]
[Termination "Rodalquilar won by resignation"]

1. Nf3 d5 2. c4 e6 3. g3 Nf6 4. Bg2 Be7 5. O-O O-O 6. d4 dxc4 7. Qc2 a6 8. a4 Bd7 9. Qxc4 Bc6 10. Bg5 a5 11.
Nc3 Ra6 12. Ne5 Bxg2 13. Kxg2 Rb6 14. Ra2 Rb4 15. Qd3 Rxd4 16. Qf3 c6 17. h4 Nbd7 18.
Nd3 h6 19. Be3 Rg4 20. Rd1 Qc7 21. Raa1 Ne5 22. Nxe5 Qxe5 23. Bf4 Qf5 24. e4 Qg6 25. Bc7 Nxe4 26. Nxe4 Rxe4 27. Bxa5 Bxh4 28. Rd7 b5 29. axb5 cxb5 30. Bd2 Bf6 31. Raa7 Bxb2 32. Rxf7 Rxf7 33. Rxf7 Qxf7 34. Qxe4 Qd7 35. Bf4 Qd5 36. Kf3 Kf7 37. Qxd5 exd5 38. Ke3 Bc1+ 39. Kd3 Bxf4 0-1

[Event "*** Titled Tuesday Blitz"]
[Site "Chess.com"]
[Date "2020.10.20"]
[Round "6"]
[White "Stalri"]
[Black "szachuspl"]
[Result "0-1"]
[WhiteElo "2181"]
[BlackElo "2530"]
[TimeControl "180+1"]
[EndTime "11:07:03 PDT"]
[Termination "szachuspl won by checkmate"]

1. d4 Nf6 2. c4 g6 3. Nc3 Bg7 4. e4 O-O 5. Nf3 d6 6. h3 Na6 7. Be3 e5 8. Be2 exd4 9. Nxd4 Re8 10. f3 Nh5 11. Bf2 Nc5 12. O-O Nf4 13. Qd2 Qg5 14. Qxf4 Qxf4 15. Ndb5 Na6 16. Nd5 Qg5 17. Nbxc7 Nxc7 18. Nxc7 Bxh3 19. g4 Be5 20. Be1 Bxf1 21. Kxf1 Rac8 22.
Nxe8 Rxe8 23. Rd1 h5 24. gxh5 gxh5 25. Bf2 h4 26. Bd3 h3 27. Ke2 h2 28. b4 Kg7 29. c5 Rh8 30. f4 Qg4+ 31. Ke3 Qxd1 32. fxe5 Qxd3+ 33. Kxd3 dxe5 34. Kc4 h1=Q 35. Kd5 Qf3 36.
Be1 Rd8+ 37. Kc4 Qe2+ 38. Kb3 Qxe1 39. Ka4 Qxe4 40. Kb5 a6+ 41. Kb6 Qc6+ 42. Ka7 b5 43. cxb6 Ra8# 0-1

[Event "*** Titled Tuesday Blitz"]
[Site "Chess.com"]
[Date "2020.10.20"]
[Round "6"]
[White "margarita_2703"]
[Black "TC2304"]
[Result "1-0"]
[WhiteElo "2412"]
[BlackElo "2260"]
[TimeControl "180+1"]
[EndTime "11:07:03 PDT"]
[Termination "margarita_2703 won by resignation"]

1. Nf3 Nf6 2. d4 c5 3. d5 e6 4. c4 exd5 5. cxd5 d6 6. Nc3 g6 7.
e4 Bg7 8. Be2 O-O 9. O-O Re8 10. Nd2 Nbd7 11. f4 a6 12. a4 Qc7 13.
Bf3 c4 14. Qe2 Rb8 15. Qxc4 Qa5 16. b4 Qb6+ 17. Kh1 Nf8 18. Qb3 Ng4 19. Bxg4 Bxg4 20. Nc4 Qc7 21. Bb2 Rbc8 22. Ne3 Bxc3 23. Nxg4 Bxb2 24.
Qxb2 Nd7 25. Nh6+ Kf8 26. Qh8+ Ke7 27. Qxh7 Rf8 28. f5 Nf6 29. Qg7 Nh5 30. Qd4 Qc4 31. Qb6 Rc7 32. e5 Qxd5 33. Qxc7+ 1-0

[Event "*** Titled Tuesday Blitz"]
[Site "Chess.com"]
[Date "2020.10.20"]
[Round "6"]
[White "SophieNikoladze"]
[Black "RobPeresian"]
[Result "1-0"]
[WhiteElo "2287"]
[BlackElo "2413"]
[TimeControl "180+1"]
[EndTime "11:07:06 PDT"]
[Termination "SophieNikoladze won on time"]

1. d4 Nf6 2. Nf3 e6 3. e3 c5 4. Bd3 Nc6 5. b3 d5 6. Bb2 Bd6 7. Nbd2 O-O 8. a3 Qe7 9. Ne5 Nd7 10. f4 cxd4 11. exd4 Qh4+ 12. g3 Qh3 13. Qf3 Ndxe5 14. dxe5 Bc5 15. O-O-O a5 16. Qe2 Bd7 17. Nf3 h6 18.
Kb1 b5 19. Bxb5 Rfb8 20. a4 Qf5 21. Nh4 Qh7 22. Bd3 g6 23. f5 gxf5 24. g4 Kh8 25. gxf5 Qg7 26. Rhg1 Qf8 27. Qh5 Bxg1 28. Rxg1 Nb4 29.
Be2 exf5 30. e6+ f6 31. Ng6+ 1-0

[Event "*** Titled Tuesday Blitz"]
[Site "Chess.com"]
[Date "2020.10.20"]
[Round "6"]
[White "CM_rui"]
[Black "IwkooO"]
[Result "0-1"]
[WhiteElo "2361"]
[BlackElo "2621"]
[TimeControl "180+1"]
[EndTime "11:07:08 PDT"]
[Termination "IwkooO won by resignation"]

1. e4 c5 2. Nf3 e6 3. c4 Nc6 4. d4 cxd4 5. Nxd4 Nf6 6. Nc3 Bb4 7. Nxc6 bxc6 8. Bd3 d5 9. cxd5 exd5 10. e5 Nd7 11.
O-O O-O 12. Kh1 Nxe5 13. Bxh7+ Kxh7 14. Qh5+ Kg8 15. Qxe5 Re8 16. Qg3 Ba6 17. Rd1 Qf6 18. Be3 Bd6 19. Qg4 Bc8 20. Qh5 Bf5 21. Ne2 Bg6 22. Qh3 Qxb2 23. Nd4 c5 24. Rab1 Bxb1 25. Nf3 Bg6 26. g4 d4 27. Bg5 Qc3 28. Rc1 Qd3 29. Kg2 Be4 0-1

[Event "*** Titled Tuesday Blitz"]
[Site "Chess.com"]
[Date "2020.10.20"]
[Round "6"]
[White "mr_gustavo"]
[Black "suyu28"]
[Result "0-1"]
[WhiteElo "2428"]
[BlackElo "2611"]
[TimeControl "180+1"]
[EndTime "11:07:09 PDT"]
[Termination "suyu28 won on time"]

1. d4 Nf6 2. c4 e6 3. Nf3 d5 4. g3 Bb4+ 5. Nbd2 O-O 6. a3 Bxd2+ 7.
Qxd2 dxc4 8. Bg2 b5 9. a4 a6 10. axb5 Bb7 11. bxa6 Nxa6 12. O-O c5 13. dxc5 Nxc5 14.
Qxd8 Rfxd8 15. Be3 Na4 16. Bd4 Ne4 17. Rfd1 c3 18.
b3 Nac5 19. Rxa8 Bxa8 20. Ng5 c2 21. Rc1 Rxd4 22. Nxe4 Rd1+ 0-1

[Event "*** Titled Tuesday Blitz"]
[Site "Chess.com"]
[Date "2020.10.20"]
[Round "6"]
[White "SchieberSpieler"]
[Black "Playgood28"]
[Result "1-0"]
[WhiteElo "2427"]
[BlackElo "2291"]
[TimeControl "180+1"]
[EndTime "11:07:09 PDT"]
[Termination "SchieberSpieler won by resignation"]

1. Nf3 f5 2. d4 g6 3. g3 Nf6 4. Bg2 d6 5. O-O Bg7 6. Nbd2 O-O 7. Re1 Nc6 8. e4 fxe4 9. Nxe4 Nxe4 10. Rxe4 Bf5 11.
Re1 Bg4 12. c3 Kh8 13. h3 Bxf3 14. Bxf3 e5 15. dxe5 Nxe5 16. Bxb7 Qf6 17. Re2 Rae8 18. Bg2 Qf7 19. Be3 Nc4 20. Bd4 Rxe2 21. Qxe2 Ne5 22.
f4 c5 23. Bf2 Nd7 24. Rd1 Re8 25. Qa6 Nb6 26. Rxd6 Qc4 27. Rxb6 1-0

[Event "*** Titled Tuesday Blitz"]
[Site "Chess.com"]
[Date "2020.10.20"]
[Round "6"]
[White "gliglu"]
[Black "CarlssonLudvig"]
[Result "1-0"]
[WhiteElo "2342"]
[BlackElo "2438"]
[TimeControl "180+1"]
[EndTime "11:07:10 PDT"]
[Termination "gliglu won by resignation"]

1. d4 g6 2. c4 Bg7 3. Nf3 e6 4.
g3 Ne7 5. Bg2 O-O 6. O-O d5 7.
b3 a5 8. Nc3 c6 9. Bb2 Nd7 10.
cxd5 exd5 11. Rc1 Nf6 12. Ne5 Nf5 13. e3 Nd6 14. Na4 Re8 15. Qe2 Nd7 16. f4 f6 17.
Nd3 Nf5 18. Rf3 Nf8 19. Qf2 Nd6 20. Nac5 Bg4 21. h3 Bxf3 22. Qxf3 Nd7 23. Ba3 Nxc5 24.
Bxc5 Ne4 25. Ba3 a4 26. b4 Nd6 27. Re1 Nc4 28. Bc1 f5 29. a3 b6 30. Ne5 Bxe5 31. fxe5 c5 32. g4 fxg4 33. Qxd5+ Qxd5 34. Bxd5+ Kg7 35. Bxc4 cxb4 36. d5 gxh3 37. d6 Rec8 38. Bd5 Ra5 39.
e4 Rd8 40. axb4 Ra7 41. Bg5 Re8 42. Bf6+ Kf8 43. e6 Rxe6 44. Bxe6 a3 45. d7 Ra8 46. Rc1 1-0

[Event "*** Titled Tuesday Blitz"]
[Site "Chess.com"]
[Date "2020.10.20"]
[Round "6"]
[White "Pultis"]
[Black "rasmussvane"]
[Result "1/2-1/2"]
[WhiteElo "2681"]
[BlackElo "2889"]
[TimeControl "180+1"]
[EndTime "11:07:11 PDT"]
[Termination "Game drawn by agreement"]

1. Nf3 d5 2. b3 Bf5 3. Bb2 e6 4. g3 Nf6 5. Bg2 h6 6. O-O Be7 7. c4 O-O 8. d3 c5 9. cxd5 exd5 10. d4 Nc6 11. dxc5 Bxc5 12. Nc3 a6 13. Rc1 Ba7 14.
Na4 Qe7 15. Nd4 Nxd4 16. Bxd4 Bxd4 17. Qxd4 Qxe2 18. Nc3 Qg4 19. Qxg4 Bxg4 20. Nxd5 Nxd5 21. Bxd5 Rab8 22. Rc7 b6 23. Re1 Rbd8 24. Re5 Rd6 25. Kg2 a5 26. a3 Bd7 27. b4 axb4 28. axb4 Rd8 29. Bc4 Rc6 30. Rxd7 Rxd7 31. Re8+ Kh7 32. Bb5 1/2-1/2

[Event "*** Titled Tuesday Blitz"]
[Site "Chess.com"]
[Date "2020.10.20"]
[Round "6"]
[White "ItsCheckM8Mate"]
[Black "Azatic"]
[Result "1/2-1/2"]
[WhiteElo "2383"]
[BlackElo "2563"]
[TimeControl "180+1"]
[EndTime "11:07:14 PDT"]
[Termination "Game drawn by repetition"]

1. e4 c5 2. Nf3 e6 3. d4 cxd4 4. Nxd4 a6 5. Be2 Nf6 6. Nc3 d6 7. O-O Be7 8. a4 O-O 9. f4 Nc6 10. Be3 Bd7 11. Nb3 Rc8 12. g4 d5 13. exd5 Nxd5 14.
Nxd5 exd5 15. Bf3 Re8 16. Bxd5 Bf6 17. Bf2 Bh4 18. Bxh4 Qxh4 19. Bxf7+ Kxf7 20. Qxd7+ Kg8 21. Rad1 h5 22. gxh5 Rcd8 23. Qf5 Rxd1 24. Rxd1 Re2 25. Qc8+ Kh7 26. Qf5+ Kg8 27. Qc8+ Kh7 28. Qf5+ Kg8 1/2-1/2

[Event "*** Titled Tuesday Blitz"]
[Site "Chess.com"]
[Date "2020.10.20"]
[Round "6"]
[White "jacky72"]
[Black "TheBigBoss04"]
[Result "0-1"]
[WhiteElo "2565"]
[BlackElo "2742"]
[TimeControl "180+1"]
[EndTime "11:07:15 PDT"]
[Termination "TheBigBoss04 won by checkmate"]

1. d4 Nf6 2. c4 g6 3. Nc3 Bg7 4. e4 d6 5. Be2 O-O 6. Bg5 a6 7. Nf3 c6 8. O-O Nbd7 9. e5 Ne8 10. exd6 Nxd6 11. Re1 h6 12. Bh4 Nf5 13. Bf1 Nxh4 14.
Nxh4 e5 15. d5 Qxh4 16. dxc6 bxc6 17. Qd6 Qf6 18. Qc7 Nc5 19. b4 Ne6 20. Qxc6 Rb8 21. Nd5 Qg5 22. Qd6 Bb7 23. Qe7 Bxd5 24. Qxg5 hxg5 25. cxd5 Nd4 26. Rac1 Rxb4 27. Bxa6 Rd8 28. Bc4 Rc8 29. Bd3 Rxc1 30. Rxc1 e4 31. Bf1 Be5 32. g3 Rb2 33. a4 e3 34. a5 Nf3+ 35. Kg2 Rxf2+ 36. Kh3 f5 37. Rc8+ Kg7 38. Bg2 g4# 0-1

[Event "*** Titled Tuesday Blitz"]
[Site "Chess.com"]
[Date "2020.10.20"]
[Round "6"]
[White "DenisQ"]
[Black "Illingworth"]
[Result "0-1"]
[WhiteElo "2667"]
[BlackElo "2896"]
[TimeControl "180+1"]
[EndTime "11:07:19 PDT"]
[Termination "Illingworth won by resignation"]

1. Nf3 c5 2. c4 Nc6 3. Nc3 Nf6 4. g3 g6 5. Bg2 Bg7 6. O-O O-O 7. d4 cxd4 8. Nxd4 Qa5 9. Nb3 Qh5 10. e4 d6 11.
Qxh5 Nxh5 12. Nd5 a5 13. Rb1 a4 14. Nd2 Nf6 15. Re1 Nxd5 16. exd5 Nb4 17. Rxe7 Nxa2 18. Re1 Bf5 19. Ne4 Nxc1 20. Rexc1 Rfe8 21. Re1 Bxe4 22. Rxe4 Rxe4 23. Bxe4 Ra6 24. Bc2 Bd4 25. Ra1 Rb6 26. Bxa4 Rxb2 27. Rf1 b6 28. Kg2 Bc5 29. h4 Kg7 30. g4 Kf6 31. Kg3 Rd2 32. f3 h6 33. Bb5 Bd4 34. Rb1 g5 35. hxg5+ hxg5 36. Rh1 Be5+ 37. Kh3 Bf4 0-1

[Event "*** Titled Tuesday Blitz"]
[Site "Chess.com"]
[Date "2020.10.20"]
[Round "6"]
[White "FMJoseHerrera"]
[Black "LaPorfia"]
[Result "1-0"]
[WhiteElo "2544"]
[BlackElo "2321"]
[TimeControl "180+1"]
[EndTime "11:07:23 PDT"]
[Termination "FMJoseHerrera won by resignation"]

1. Nf3 c5 2. g3 Nc6 3. Bg2 g6 4.
d3 Bg7 5. Nc3 e5 6. e4 Nge7 7.
h4 d5 8. exd5 Nxd5 9. h5 Nxc3 10. bxc3 e4 11. hxg6 fxg6 12. Ng5 Bxc3+ 13. Bd2 Bxa1 14.
Qxa1 Nd4 15. O-O O-O 16. Nxe4 b6 17. Bh6 Rf5 18. Qd1 Be6 19. c3 Nc6 20. Re1 Rh5 21. Bg5 Rxg5 22. Nxg5 Qxg5 23. Rxe6 1-0

[Event "*** Titled Tuesday Blitz"]
[Site "Chess.com"]
[Date "2020.10.20"]
[Round "6"]
[White "Savagelittlemole"]
[Black "Snegokhod"]
[Result "1-0"]
[WhiteElo "2618"]
[BlackElo "2444"]
[TimeControl "180+1"]
[EndTime "11:07:26 PDT"]
[Termination "Savagelittlemole won by resignation"]

1. e4 c5 2. Ne2 e5 3. g3 Nf6 4.
Bg2 Be7 5. O-O O-O 6. Nbc3 Nc6 7.
d3 d6 8. f4 Nd4 9. h3 b6 10.
Kh2 Bb7 11. f5 d5 12. exd5 Nxd5 13. Ne4 Rb8 14. N2c3 Nb4 15. f6 Bxf6 16. Nxf6+ gxf6 17. Bxb7 Rxb7 18. Bh6 Kh8 19. Bxf8 Qxf8 20. Rxf6 Qg7 21. Rf2 f5 22. a3 f4 23. gxf4 exf4 24. Ne4 Nd5 25. Qh5 Ne3 26. Qe8+ Qg8 27. Qxg8+ Kxg8 28. Rg1+ Kf7 29. Rxf4+ Ke6 30. Rf6+ Ke5 31. Rg5+ Ndf5 32. Rf8 c4 33. Ng3 Kf4 34. Rgxf5+ Nxf5 35. Rxf5+ Ke3 36. dxc4 Kd2 37. Rf2+ Kc1 38. b4 Kb2 39. Rf3 Kxc2 40. Nf5 Rc7 41. Nd4+ Kd2 42. c5 bxc5 43. bxc5 Rd7 44.
Nb3+ Kc2 45. c6 Rd6 46. c7 1-0

[Event "*** Titled Tuesday Blitz"]
[Site "Chess.com"]
[Date "2020.10.20"]
[Round "6"]
[White "GalperinPlaton"]
[Black "ShapkinAnatoliy"]
[Result "1-0"]
[WhiteElo "2826"]
[BlackElo "2650"]
[TimeControl "180+1"]
[EndTime "11:07:27 PDT"]
[Termination "GalperinPlaton won by resignation"]

1. b3 e5 2. Bb2 Nc6 3. e3 Nf6 4. Nf3 e4 5. Nd4 Nxd4 6. Bxd4 d5 7. c4 c6 8. Nc3 Be7 9. cxd5 cxd5 10. Bb5+ Bd7 11.
Qe2 O-O 12. O-O Be6 13. Qd1 Ne8 14. Be2 Nd6 15. d3 Nf5 16. dxe4 dxe4 17. Nxe4 Nxd4 18. Qxd4 Qxd4 19. exd4 Rfd8 20. Rfd1 Rac8 21. Nc5 Bd5 22.
Rac1 Kf8 23. Nd7+ Ke8 24. Bb5 Rxc1 25. Nc5+ Kf8 26. Rxc1 Bd6 27. g3 a6 28. Bc4 Bf3 29. Kf1 Be7 30. Be2 Bc6 31. Nxa6 Rxd4 32. Nb8 Be4 33. f3 Bd8 1-0

[Event "*** Titled Tuesday Blitz"]
[Site "Chess.com"]
[Date "2020.10.20"]
[Round "6"]
[White "Cocaino74"]
[Black "Ty3oB"]
[Result "0-1"]
[WhiteElo "2370"]
[BlackElo "2264"]
[TimeControl "180+1"]
[EndTime "11:07:29 PDT"]
[Termination "Ty3oB won by checkmate"]

1. e4 c5 2. Nf3 d6 3. Bb5+ Bd7 4. Bxd7+ Qxd7 5. c4 Nc6 6. Nc3 g6 7. d4 cxd4 8. Nxd4 Bg7 9. Be3 Nf6 10. f3 O-O 11. O-O Rac8 12. Nxc6 bxc6 13. c5 d5 14. Qa4 dxe4 15.
Rfd1 Qb7 16. Qb3 Qc7 17. fxe4 Ng4 18. Ne2 Qxh2+ 19. Kf1 Rfd8 20. Bf4 Qh1+ 21. Ng1 Be5 22. Bxe5 Nxe5 23. Qg3 Qh5 24. Nf3 Nc4 25. Rxd8+ Rxd8 26. Qc7 Nd2+ 27. Ke2 Rd4 28. Ke3 Rxe4+ 29. Kxd2 Qd5+ 30. Kc2 Rc4+ 31. Kb3 Qd3# 0-1

[Event "*** Titled Tuesday Blitz"]
[Site "Chess.com"]
[Date "2020.10.20"]
[Round "6"]
[White "jamalm2"]
[Black "Colombiano07"]
[Result "0-1"]
[WhiteElo "1826"]
[BlackElo "2213"]
[TimeControl "180+1"]
[EndTime "11:07:29 PDT"]
[Termination "Colombiano07 won on time"]

1. Nf3 d5 2. e3 Bf5 3. c4 c6 4. b3 e6 5. Nc3 Nf6 6. Bb2 Be7 7.
Be2 h6 8. O-O O-O 9. d4 Nbd7 10.
a4 Ne4 11. cxd5 exd5 12. Nxe4 Bxe4 13. Bd3 f5 14. Ne5 Nxe5 15. dxe5 Qb6 16. Bxe4 fxe4 17. Rb1 Rf5 18. Qg4 Raf8 19. h4 h5 20. Qg6 Bxh4 21. Qe6+ Kh7 22. Ba3 R8f7 23. Bd6 Bxf2+ 24. Kh2 Qxe3 25.
Rxf2 Qxf2 26. Be7 Qf4+ 27. Kh1 Qxe5 28. Qxe5 Rxe5 29. Bd6 Re6 30. Bg3 h4 0-1

[Event "*** Titled Tuesday Blitz"]
[Site "Chess.com"]
[Date "2020.10.20"]
[Round "6"]
[White "ShcufNaiRolf"]
[Black "oogee"]
[Result "0-1"]
[WhiteElo "2306"]
[BlackElo "2188"]
[TimeControl "180+1"]
[EndTime "11:07:30 PDT"]
[Termination "oogee won by resignation"]

1. e4 c5 2. Nf3 d6 3. d4 cxd4 4. Nxd4 Nf6 5. Nc3 a6 6. h4 b5 7.
a4 b4 8. Nd5 Nxe4 9. Qf3 Nc5 10. Bc4 e6 11. Nf6+ gxf6 12. Qxa8 Bb7 13. Qa7 e5 14.
O-O exd4 15. Re1+ Be7 16. Bd2 Nc6 17. Rxe7+ Kxe7 18. Re1+ Kd7 19. Qxc5 dxc5 20. Bf4 Re8 21. Rd1 Re4 22. Bg3 Qe7 23. Kh2 f5 24. Bd3 f4 0-1

[Event "*** Titled Tuesday Blitz"]
[Site "Chess.com"]
[Date "2020.10.20"]
[Round "6"]
[White "K_A_S_T_O_R"]
[Black "1977Ivan"]
[Result "1-0"]
[WhiteElo "2832"]
[BlackElo "2682"]
[TimeControl "180+1"]
[EndTime "11:07:31 PDT"]
[Termination "K_A_S_T_O_R won by checkmate"]

1. e4 c5 2. Nf3 Nc6 3. d4 cxd4 4. Nxd4 Nf6 5. Nc3 h5 6. Be2 g6 7. Nb3 Bg7 8. Bf4 d6 9. Qd2 Be6 10. O-O-O a5 11. Be3 Ng4 12. Bxg4 hxg4 13. Nd4 Qc8 14. Kb1 Rh5 15. Qe2 Kf8 16. f3 gxf3 17. gxf3 a4 18. a3 Na5 19. Nxe6+ Qxe6 20. Bd4 Nc4 21. Nd5 Rc8 22.
Nf4 Qd7 23. Bxg7+ Kxg7 24. Nxh5+ Kf8 25. Rd4 b5 26. Ng3 Ne5 27. f4 Nc6 28. Qxb5 Rb8 29. Qxa4 Qb7 30. Rb4 Nxb4 31. Qxb4 Qa7 32. Qc3 Qf2 33.
Qh8# 1-0

[Event "*** Titled Tuesday Blitz"]
[Site "Chess.com"]
[Date "2020.10.20"]
[Round "6"]
[White "ural58"]
[Black "SCIM"]
[Result "0-1"]
[WhiteElo "2337"]
[BlackElo "2477"]
[TimeControl "180+1"]
[EndTime "11:07:31 PDT"]
[Termination "SCIM won by resignation"]

1. e4 e5 2. f4 exf4 3. Bc4 d5 4. Bxd5 Nf6 5. Nc3 Nxd5 6. Nxd5 Bd6 7. d4 Qh4+ 8. Kf1 O-O 9. Nf3 Qd8 10. e5 Be7 11. Nxf4 Bf5 12. c3 f6 13. exf6 Bxf6 14. Kf2 c5 15.
Be3 Nc6 16. dxc5 Ne5 17. Qxd8 Raxd8 18. Rhd1 Ng4+ 19. Ke2 Rde8 20. Nd5 Be4 21. Nxf6+ Rxf6 22. Ng5 Bxg2 23. Rd3 Rf2+ 24. Kd1 Nxe3+ 25. Kc1 Rf1+ 26. Kd2 Nc4+ 27. Kc2 Rxa1 0-1

[Event "*** Titled Tuesday Blitz"]
[Site "Chess.com"]
[Date "2020.10.20"]
[Round "6"]
[White "DinaBelenkaya"]
[Black "Piotrek1979"]
[Result "1-0"]
[WhiteElo "2290"]
[BlackElo "2401"]
[TimeControl "180+1"]
[EndTime "11:07:32 PDT"]
[Termination "DinaBelenkaya won on time"]

1. e4 c5 2. Nc3 Nc6 3. g3 g6 4. Bg2 Bg7 5. Nge2 Rb8 6. d3 b5 7. h4 b4 8. Nd5 e6 9. Ne3 h5 10. Nc4 d5 11. exd5 exd5 12. Ne3 Nge7 13. Nf4 d4 14. Ned5 Bg4 15. f3 Bf5 16. Nxe7 Qxe7+ 17. Kf2 O-O 18. g4 hxg4 19. fxg4 Bd7 20. Nd5 Qd6 21. Bf4 Ne5 22. h5 g5 23. Bg3 f5 24.
gxf5 Rxf5+ 25. Kg1 Rbf8 26. Be4 Bc6 27. h6 Bxd5 28.
Bxf5 Rxf5 29. hxg7 Bxh1 30. Qh5 Nf3+ 31. Kxh1 1-0

[Event "*** Titled Tuesday Blitz"]
[Site "Chess.com"]
[Date "2020.10.20"]
[Round "6"]
[White "vladgoncharov"]
[Black "MaxLeto"]
[Result "1-0"]
[WhiteElo "2504"]
[BlackElo "2340"]
[TimeControl "180+1"]
[EndTime "11:07:34 PDT"]
[Termination "vladgoncharov won on time"]

1. d4 Nf6 2. c4 g6 3. Nc3 Bg7 4. e4 d6 5. Be2 O-O 6. Nf3 e5 7.
O-O Nc6 8. d5 Ne7 9. Ne1 Nd7 10.
Be3 f5 11. f3 f4 12. Bf2 g5 13.
Rc1 Rf6 14. Nd3 Rh6 15. Be1 Qe8 16. Nf2 Nf6 17. b4 a5 18. a3 axb4 19. axb4 Qh5 20. h3 Ng6 21. Ng4 Nh4 22. Bxh4 Nxg4 23. fxg4 Qxh4 24. Nb5 Ra2 25. Nxc7 Qg3 26. Rf3 Qh4 27.
Ne6 Bf8 28. c5 dxc5 29. bxc5 Bd7 30. Bc4 Ra4 31. c6 Rxc4 32. Rxc4 bxc6 33. Rc1 1-0

[Event "*** Titled Tuesday Blitz"]
[Site "Chess.com"]
[Date "2020.10.20"]
[Round "6"]
[White "Shahinyan_ChessMood"]
[Black "Beca95"]
[Result "0-1"]
[WhiteElo "2728"]
[BlackElo "2897"]
[TimeControl "180+1"]
[EndTime "11:07:35 PDT"]
[Termination "Beca95 won by resignation"]

1. e4 g6 2. d4 Bg7 3. Nc3 c6 4. f4 b5 5. a3 Bb7 6. Nf3 Na6 7. Be3 Nc7 8. Bd3 a5 9. O-O Nf6 10. h3 d6 11. Qe2 b4 12. Na4 O-O 13. c4 Nd7 14. e5 c5 15. d5 Re8 16. Bf2 Nf8 17.
Rae1 Rb8 18. Bh4 Na6 19. Bc2 Qd7 20. Ng5 e6 21. exd6 exd5 22. Qg4 Qxd6 23. cxd5 c4 24. f5 h5 25. Qg3 Qxg3 26. Bxg3 Rxe1 27. Rxe1 Rd8 28.
d6 Bc6 29. Nb6 b3 30. Bb1 c3 31. bxc3 Bxc3 32. Rd1 Nc5 33. fxg6 Nxg6 34. Nc4 a4 35.
Nf3 Be4 36. Nfe5 Bxb1 37. Rxb1 Nxe5 38. Nxe5 Rxd6 39. Nxf7 Rd3 40. Nh6+ Kh7 41. Nf5 Kg6 42. Kh2 Kxf5 0-1

[Event "*** Titled Tuesday Blitz"]
[Site "Chess.com"]
[Date "2020.10.20"]
[Round "6"]
[White "thedjoker98"]
[Black "alexwinter25"]
[Result "1-0"]
[WhiteElo "2571"]
[BlackElo "2348"]
[TimeControl "180+1"]
[EndTime "11:07:35 PDT"]
[Termination "thedjoker98 won by resignation"]

1. d4 d5 2. c4 e6 3. Nc3 Nf6 4. cxd5 exd5 5. Bg5 Nbd7 6. e3 c6 7. Bd3 Be7 8. Qc2 O-O 9. Nf3 Re8 10. O-O Nf8 11. h3 Ne4 12. Bf4 Nxc3 13. bxc3 Bd6 14. Bxd6 Qxd6 15. c4 dxc4 16. Bxc4 Be6 17. Rab1 Re7 18.
Ne5 f6 19. Bxe6+ Qxe6 20. Nd3 b6 21. Rbc1 Rc8 22. Qa4 h5 23. Nf4 b5 24. Qa6 Qd7 25. Nxh5 Ne6 26. Rfd1 Kf7 27. d5 Ng5 28. dxc6 Qc7 29. Qxb5 Rh8 30. Nf4 Ne4 31. Qc4+ Ke8 32. Rd7 Qe5 33. Rxe7+ 1-0

[Event "*** Titled Tuesday Blitz"]
[Site "Chess.com"]
[Date "2020.10.20"]
[Round "6"]
[White "Vandros57"]
[Black "gagtemp"]
[Result "0-1"]
[WhiteElo "2172"]
[BlackElo "1961"]
[TimeControl "180+1"]
[EndTime "11:07:36 PDT"]
[Termination "gagtemp won on time"]

1. d4 Nf6 2. Nf3 g6 3. c4 Bg7 4.
Nc3 d6 5. e4 O-O 6. Be2 e5 7.
dxe5 dxe5 8. Qxd8 Rxd8 9. Bg5 Re8 10. O-O-O Na6 11. Nxe5 Nxe4 12. Nxe4 Bxe5 13. Nf6+ Bxf6 14.
Bxf6 Bf5 15. Rd2 Nb4 16. b3 Re6 17. Bc3 a5 18. Bf3 Nd3+ 19. Rxd3 Bxd3 20. Bxb7 Rb8 21.
Bd5 Re2 22. Bd4 Rc2+ 23. Kd1 Rxa2 24. Re1 Bc2+ 25. Kc1 Bxb3 26. Re7 Rd8 27. Bxf7+ Kf8 0-1

[Event "*** Titled Tuesday Blitz"]
[Site "Chess.com"]
[Date "2020.10.20"]
[Round "6"]
[White "MVM2008"]
[Black "ZverevLev"]
[Result "0-1"]
[WhiteElo "2135"]
[BlackElo "2264"]
[TimeControl "180+1"]
[EndTime "11:07:38 PDT"]
[Termination "ZverevLev won by resignation"]

1. e4 b6 2. d4 Bb7 3. Nc3 g6 4. Be3 Bg7 5. Qd2 e6 6. h4 h5 7. f3 d6 8. O-O-O Nd7 9. Nh3 Ne7 10. Bd3 a6 11. g4 hxg4 12. fxg4 b5 13. Ng5 c5 14. Qf2 Rf8 15. dxc5 dxc5 16. Bxb5 axb5 17. Nxb5 Be5 18. Rhf1 Qb6 19. Nxf7 Qxb5 20. c3 Rxa2 21. Rxd7 Qxf1+ 22. Qxf1 Ra1+ 23. Kc2 Rxf1 24. Nxe5 Bxe4+ 25. Kb3 Nc6 26. Rd6 Bd5+ 27. c4 Nxe5 28. cxd5 c4+ 29. Kb4 Nd3+ 30. Kxc4 Nxb2+ 31. Kd4 Rd1+ 32. Ke5 Rxd5+ 33.
Rxd5 exd5 34. Kxd5 Nd1 35. Bg5 Nf2 36. h5 gxh5 37.
gxh5 Rf5+ 38. Ke6 Rxg5 39. h6 Rg6+ 0-1

[Event "*** Titled Tuesday Blitz"]
[Site "Chess.com"]
[Date "2020.10.20"]
[Round "6"]
[White "lelya96"]
[Black "Vyacheslav_N"]
[Result "0-1"]
[WhiteElo "2191"]
[BlackElo "2376"]
[TimeControl "180+1"]
[EndTime "11:07:40 PDT"]
[Termination "Vyacheslav_N won on time"]

1. e4 c5 2. Nf3 d6 3. d4 cxd4 4.
Nxd4 Nf6 5. Nc3 a6 6. Bd3 Nbd7 7.
O-O e6 8. f4 Be7 9. Kh1 Qc7 10.
Qe1 b5 11. a3 Bb7 12. Bd2 O-O 13. Rd1 d5 14. e5 Ne8 15. Qg3 g6 16. Rde1 Ng7 17.
Qh3 h5 18. Bxg6 fxg6 19. Nxe6 Nxe6 20. Qxe6+ Rf7 21. Qxg6+ Rg7 22. Qe6+ Kh8 23. f5 d4 24. Ne4 Qxe5 25. Qxd7 Bxe4 26. Rg1 Bd6 0-1

[Event "*** Titled Tuesday Blitz"]
[Site "Chess.com"]
[Date "2020.10.20"]
[Round "6"]
[White "1stSecond"]
[Black "fm_magua"]
[Result "1-0"]
[WhiteElo "2772"]
[BlackElo "2593"]
[TimeControl "180+1"]
[EndTime "11:07:41 PDT"]
[Termination "1stSecond won by resignation"]

1. e4 c5 2. Nf3 Nc6 3. Bb5 g6 4. Bxc6 dxc6 5. h3 e5 6. O-O f6 7. a3 Be6 8. d3 h5 9. Qe2 g5 10. b4 cxb4 11. axb4 Bxb4 12. Ba3 Bxa3 13. Nxa3 Ne7 14. Rfb1 b6 15. Nd2 Ng6 16. Nac4 Nf4 17.
Qf1 O-O 18. Ne3 Qd7 19. Kh2 f5 20. exf5 Bxf5 21. Ne4 Bxe4 22. dxe4 Qd4 23. Qc4+ Qxc4 24. Nxc4 Ng6 25. f3 Rfd8 26. Ra6 Rd4 27. Ne3 Rdd8 28. Rba1 Nf4 29. Nc4 Rd4 30. Ne3 Rd2 31. Kg1 Re2 32. R1a3 Rd8 33. Rxa7 Nxg2 34. Ra8 Nxe3 35. Rxd8+ Kf7 36.
Ra7+ Ke6 37. Rg8 Kd6 38. Rxg5 Nxc2 39. Kf1 Nd4 40. Rf7 b5 41. Rf6+ Ke7 42. Rh6 Rh2 43. Rg7+ Kf8 44. Ra7 1-0

[Event "*** Titled Tuesday Blitz"]
[Site "Chess.com"]
[Date "2020.10.20"]
[Round "6"]
[White "RobertoJBM"]
[Black "FontVella8"]
[Result "1-0"]
[WhiteElo "2687"]
[BlackElo "2487"]
[TimeControl "180+1"]
[EndTime "11:07:44 PDT"]
[Termination "RobertoJBM won by resignation"]

1. d4 d5 2. c4 c6 3. Nf3 Nf6 4. Nc3 e6 5. Bg5 h6 6. Bxf6 Qxf6 7. e3 g6 8. Be2 Bg7 9. Rc1 O-O 10. O-O Nd7 11. Qc2 dxc4 12. Bxc4 e5 13. Ne4 Qe7 14. d5 cxd5 15. Bxd5 Nb6 16. Bb3 Bf5 17. Qc5 Qxc5 18. Nxc5 e4 19. Nd4 Bxd4 20. exd4 Rad8 21. Rfd1 Rb8 22.
d5 Rfd8 23. Rd4 Rbc8 24. Rc3 Rb8 25. h3 Kg7 26. g4 Bd7 27. Nxe4 Re8 28. f3 f5 29. Nc5 Re1+ 30. Kf2 Rbe8 31. Ne6+ Bxe6 32. dxe6 Rb1 33. Rc7+ Kf6 34. f4 Rxb2+ 35. Kf3 Rf8 36. e7 Re8 37. Rd6+ Kg7 38. Rd8 1-0